AoeStats
← Nicky

Black Forest

505133315Analyzed
3v3 RM · 25d ago on Sep 8, 2026· 65m 50s· 6 players
Game mode
Random Map
Map size
Normal (6 player)
Population
200
Speed
Normal
Resources
Standard
Victory
Conquest
Starting age
Dark Age
Ending age
Imperial Age
RankedLock teamsTeams togetherTeam positionsShared explorationLock speedFull tech treeHidden civsTurbo modeCheats
Victory
Defeat
🇨🇳 Persians · China
842
+15
🇧🇷 Chinese · Brazil
801
+17
🇺🇸 Portuguese · United States
761
+18
🇺🇸 Goths · United States
838
-18
🇺🇸 Britons · United States
808
-16
🇺🇸 Khitans · United States
805
-16
BRY
0:35 Loom
16:07 Feudal Age
18:21 Horse Collar
18:27 Double-Bit Axe
27:05 Castle Age
25:42 Fletching
25:53 Padded Archer Armor
27:09 Crossbowman
28:45 Bodkin Arrow
32:24 Bow Saw
40:08 Leather Archer Armor
42:44 Pikeman
bray
1:32 Loom
12:25 Feudal Age
12:57 Double-Bit Axe
12:53 Domestication
20:29 Castle Age
20:55 Stone Mining
23:19 Bow Saw
22:47 Light Cavalry
23:34 Gold Mining
25:55 Scale Barding Armor
28:00 Forging
30:10 Wheelbarrow
33:29 Chain Barding Armor
33:45 Iron Casting
35:36 Hand Cart
37:57 Stone Shaft Mining
38:42 Caravan
38:59 Husbandry
44:07 Imperial Age
43:32 Scale Mail Armor
44:53 Pastoralism
45:56 Two-Man Saw
44:39 Heavy Camel Rider
45:23 Elite Liao Dao
47:57 Plate Barding Armor
47:38 Chain Mail Armor
49:34 Lamellar Armor
52:29 Plate Mail Armor
54:01 Fletching
55:53 Heated Shot
56:23 Ballistics
56:11 Siege Engineers
56:29 Ballistics
55:51 Light Cavalry
56:31 Bodkin Arrow
57:24 Hussar
61:30 Heated Shot
61:51 Masonry
61:38 Murder Holes
Nicky
5:10 Loom
15:40 Feudal Age
17:56 Horse Collar
18:02 Double-Bit Axe
25:55 Forging
25:46 Scale Mail Armor
25:12 Man-at-Arms
25:26 Man-at-Arms
28:34 Castle Age
28:25 Wheelbarrow
27:35 Town Watch
29:05 Gold Mining
29:06 Stone Mining
29:43 Long Swordsman
30:25 Squires
34:27 Bow Saw
39:12 Hand Cart
40:11 Scale Barding Armor
40:23 Chain Mail Armor
41:56 Iron Casting
44:20 Imperial Age
41:47 Pikeman
44:11 Town Patrol
45:21 Halberdier
46:54 Two-Handed Swordsman
48:42 Blast Furnace
48:44 Anarchy
48:06 Elite Huskarl
48:50 Perfusion
48:43 Onager
Burger King
1:38 Loom
15:24 Feudal Age
16:48 Wheelbarrow
15:57 Horse Collar
16:04 Double-Bit Axe
21:23 Stone Mining
23:37 Castle Age
21:30 Gold Mining
23:31 Fishing Lines
25:12 Bow Saw
25:04 Heavy Plow
25:02 Gillnets
25:50 Stone Shaft Mining
28:14 Hand Cart
28:54 Town Watch
31:46 Fletching
32:19 Bodkin Arrow
33:31 Murder Holes
34:06 Ballistics
34:06 Treadmill Crane
37:04 Imperial Age
34:59 Forging
34:57 Scale Mail Armor
35:00 Town Patrol
35:02 Heated Shot
36:15 Pikeman
37:52 Coinage
38:02 Iron Casting
37:12 Halberdier
37:59 Padded Archer Armor
38:01 Bracer
39:26 Chemistry
40:00 Fortified Wall
39:48 Arson
41:39 Blast Furnace
40:55 Chain Mail Armor
40:10 Elite Skirmisher
43:45 Conscription
44:50 Plate Mail Armor
44:21 Gambesons
46:27 Man-at-Arms
47:18 Long Swordsman
48:08 Two-Handed Swordsman
55:02 Champion
62:58 Arquebus
64:54 Bombard Tower
•SHS - Léo
0:41 Loom
16:14 Feudal Age
17:19 Double-Bit Axe
19:03 Gold Mining
19:10 Stone Mining
22:23 Horse Collar
26:40 Castle Age
25:13 Padded Archer Armor
25:04 Fletching
27:53 Heavy Plow
28:32 Gold Shaft Mining
28:37 Stone Shaft Mining
32:09 Bow Saw
40:40 Imperial Age
1627684093
0:45 Loom
17:19 Feudal Age
18:30 Double-Bit Axe
18:27 Horse Collar
23:52 Castle Age
25:24 Bow Saw
26:10 Heavy Plow
25:54 Fishing Lines
31:14 Wheelbarrow
30:25 Town Watch
36:25 Imperial Age
34:10 Hand Cart
33:41 Town Watch
36:04 Gillnets
37:41 Town Patrol
39:06 Two-Man Saw
39:25 Chemistry
39:53 Gold Mining
39:53 Stone Mining
41:23 Elite War Elephant
43:10 Gold Shaft Mining
43:11 Stone Shaft Mining
45:57 Masonry
48:24 Architecture
Connection lost

Rejoining the realm…

Still unreachable

The connection could not be restored.

Session expired

The server has moved on; the page needs a fresh start.